AoeStats
← [zWq]Ferdinand Von Lindemann

Lombardia

510011505Analyzed
4v4 RM · 4d ago on Sep 29, 2026· 106m 45s· 8 players
Game mode
Random Map
Map size
Large (8 player)
Population
200
Speed
Normal
Resources
Standard
Victory
Conquest
Starting age
Dark Age
Ending age
Imperial Age
RankedLock teamsTeams togetherTeam positionsShared explorationLock speedFull tech treeHidden civsTurbo modeCheats
Victory
Defeat
🇩🇴 Saracens · Dominican Republic
1463
+13
1428
+14
🇺🇸 Shu · United States
1416
+15
🇺🇸 Hindustanis · United States
1370
+16
🇺🇸 Varangians · United States
1431
-16
🇺🇸 Persians · United States
1416
-16
🇺🇸 Berbers · United States
1353
-13
🇺🇸 Huns · United States
1344
-13
Spider2YBanana
10:23 Loom
12:08 Feudal Age
14:55 Double-Bit Axe
17:52 Castle Age
15:52 Horse Collar
18:52 Bow Saw
20:36 Heavy Plow
23:25 Wheelbarrow
25:05 Hand Cart
26:11 Husbandry
27:02 Gold Mining
27:53 Scale Barding Armor
29:10 Stone Mining
29:51 Bloodlines
31:00 Chain Barding Armor
31:14 Forging
35:34 Imperial Age
35:51 Fletching
36:24 Ballistics
36:56 Gold Shaft Mining
36:23 Grand Trunk Road
35:48 Heavy Camel Rider
38:34 Plate Barding Armor
39:32 Iron Casting
39:51 Imperial Camel Rider
41:22 Stone Shaft Mining
41:15 Conscription
40:32 Light Cavalry
42:14 Blast Furnace
41:35 Fortified Wall
46:27 Chemistry
46:48 Hoardings
46:50 Padded Archer Armor
46:47 Bodkin Arrow
49:42 Hussar
50:58 Shatagni
52:13 Leather Archer Armor
52:09 Bracer
52:23 Masonry
61:28 Caravan
61:39 Elite Skirmisher
65:27 Ring Archer Armor
66:07 Siege Engineers
72:17 Two-Man Saw
busy pushing deer
9:35 Feudal Age
10:31 Double-Bit Axe
10:13 Man-at-Arms
13:20 Double-Bit Axe
14:13 Loom
15:00 Gold Mining
15:07 Fletching
17:16 Arson
21:36 Wheelbarrow
24:52 Castle Age
25:04 Crossbowman
25:50 Thumb Ring
25:58 Bow Saw
26:26 Bodkin Arrow
26:31 Padded Archer Armor
27:56 Ballistics
29:18 Hand Cart
28:49 Town Watch
29:08 Pikeman
29:48 Squires
30:26 Horse Collar
32:51 Gold Mining
36:07 Gold Shaft Mining
35:23 Stone Mining
36:00 Heavy Plow
36:12 Fortified Wall
36:54 Leather Archer Armor
37:51 Caravan
41:59 Imperial Age
40:13 Treadmill Crane
42:43 Bracer
43:20 Ring Archer Armor
42:11 Arbalester
43:53 Chemistry
42:59 Siege Engineers
44:15 Two-Man Saw
44:13 Bolt Magazine
45:29 Conscription
45:42 Scale Mail Armor
45:52 Forging
55:46 Coiled Serpent Array
55:06 Elite White Feather Guard
57:14 Chain Mail Armor
58:10 Coinage
57:50 Guilds
63:49 Plate Mail Armor
63:36 Elite Skirmisher
63:54 Halberdier
66:40 Guard Tower
66:35 Arrowslits
67:01 Masonry
66:47 Murder Holes
70:57 Banking
92:36 Town Patrol
100:07 Architecture
Malcolm Little
10:51 Feudal Age
15:23 Castle Age
13:38 Double-Bit Axe
13:45 Stone Mining
15:23 Forging
15:21 Scale Barding Armor
16:44 Bow Saw
24:59 Wheelbarrow
26:20 Iron Casting
28:11 Padded Archer Armor
29:45 Fletching
30:11 Leather Archer Armor
31:01 Elite Skirmisher
33:42 Bodkin Arrow
34:44 Loom
35:31 Hand Cart
38:36 Imperial Age
37:38 Town Watch
39:36 Ballistics
39:30 Bracer
39:09 Capped Ram
40:59 Chemistry
41:00 Ring Archer Armor
40:41 Siege Ram
44:39 Conscription
44:40 Thumb Ring
47:12 Gold Mining
47:37 Caravan
48:18 Elite Mameluke
55:16 Two-Man Saw
55:16 Blast Furnace
55:08 Gold Shaft Mining
63:06 Hoardings
62:44 Masonry
65:38 Chain Barding Armor
65:19 Scale Mail Armor
69:07 Plate Barding Armor
78:05 Counterweights
78:49 Fortified Wall
81:39 Onager
92:43 Siege Onager
102:24 Chain Mail Armor
[zWq]Ferdinand Von Lindemann
8:04 Loom
10:07 Feudal Age
10:44 Double-Bit Axe
10:39 Horse Collar
15:17 Wheelbarrow
16:26 Bloodlines
20:08 Castle Age
18:53 Forging
19:24 Scale Barding Armor
19:21 Gold Mining
20:11 Light Cavalry
21:09 Bow Saw
25:48 Heavy Plow
26:30 Town Watch
30:05 Hand Cart
33:41 Imperial Age
32:01 Gold Shaft Mining
32:36 Chain Barding Armor
32:19 Husbandry
33:18 Iron Casting
33:49 Cavalier
35:57 Plate Barding Armor
36:25 Conscription
37:44 Blast Furnace
37:29 Crop Rotation
38:06 Comitatenses
38:21 Capped Ram
39:40 Siege Ram
41:33 Guilds
51:35 Caravan
58:33 Coinage
60:28 Banking
59:41 Heavy Scorpion
60:29 Ballistas
61:36 Ballistics
62:17 Chemistry
63:17 Siege Engineers
63:47 Pikeman
64:28 Squires
64:29 Scale Mail Armor
64:19 Elite Centurion
65:33 Chain Mail Armor
64:41 Halberdier
GoonOn
6:40 Loom
8:59 Feudal Age
9:22 Double-Bit Axe
11:58 Horse Collar
15:11 Gold Mining
16:12 Forging
17:52 Bloodlines
21:18 Castle Age
21:06 Scale Barding Armor
22:52 Husbandry
23:29 Bow Saw
23:20 Heavy Plow
23:00 Light Cavalry
25:04 Iron Casting
25:06 Wheelbarrow
25:38 Chain Barding Armor
28:35 Town Watch
33:50 Stone Mining
34:43 Caravan
38:34 Imperial Age
37:00 Gold Shaft Mining
36:59 Pikeman
37:40 Squires
37:25 Gambesons
37:43 Scale Mail Armor
38:25 Cavalier
39:25 Chain Mail Armor
40:55 Plate Mail Armor
41:03 Halberdier
42:00 Savar
47:57 Hussar
53:23 Conscription
53:07 Kamandaran
53:48 Crossbowman
54:33 Thumb Ring
54:53 Ballistics
55:33 Chemistry
54:30 Fletching
54:41 Padded Archer Armor
55:24 Bodkin Arrow
56:04 Plate Barding Armor
58:41 Blast Furnace
61:45 Capped Ram
68:16 Siege Ram
68:57 Murder Holes
69:12 Masonry
76:02 Plate Barding Armor
75:42 Leather Archer Armor
Surprise Wiener
8:49 Feudal Age
9:26 Loom
9:30 Double-Bit Axe
10:10 Horse Collar
14:01 Bloodlines
17:27 Scale Barding Armor
17:32 Forging
24:29 Castle Age
22:48 Scale Mail Armor
25:13 Squires
25:02 Gambesons
25:45 Chain Mail Armor
29:22 Wheelbarrow
30:01 Arson
33:21 Town Watch
35:11 Pikeman
41:50 Imperial Age
39:41 Husbandry
40:07 Vendel Legacy
41:06 Heavy Plow
41:42 Bow Saw
42:22 Cavalier
46:21 Chain Barding Armor
46:11 Light Cavalry
48:57 Gothikon
50:53 Iron Casting
51:53 Plate Mail Armor
53:19 Blast Furnace
53:53 Caravan
56:35 Hand Cart
57:34 Conscription
58:24 Plate Barding Armor
58:23 Capped Ram
59:20 Siege Ram
61:52 Plate Mail Armor
65:34 Elite Varangian Guard
66:05 Onager
70:20 Elite Varangian Guard
72:32 Hussar
74:15 Fletching
74:59 Masonry
74:58 Siege Engineers
74:53 Murder Holes
76:49 Bodkin Arrow
79:06 Crop Rotation
89:41 Heavy Scorpion
93:13 Two-Man Saw
93:18 Architecture
mickeymouse
6:54 Loom
7:01 Loom
9:56 Feudal Age
11:45 Double-Bit Axe
14:42 Scale Barding Armor
16:29 Forging
20:54 Castle Age
18:42 Horse Collar
19:04 Fletching
20:45 Padded Archer Armor
21:44 Bodkin Arrow
22:03 Bow Saw
25:54 Leather Archer Armor
26:29 Bloodlines
28:58 Husbandry
34:04 Wheelbarrow
36:46 Imperial Age
34:42 Town Watch
35:13 Hand Cart
35:01 Heavy Plow
35:01 Gold Mining
35:46 Caravan
35:58 Thumb Ring
36:47 Ballistics
36:56 Heavy Cavalry Archer
38:15 Bracer
38:26 Light Cavalry
39:27 Chain Barding Armor
39:50 Gold Shaft Mining
40:33 Chemistry
39:14 Hussar
41:27 Plate Barding Armor
41:44 Parthian Tactics
45:51 Iron Casting
59:14 Blast Furnace
61:38 Two-Man Saw
62:46 Masonry
63:47 Conscription
Noobis
4:18 Loom
9:47 Feudal Age
10:26 Double-Bit Axe
19:45 Castle Age
19:29 Bloodlines
19:38 Stone Mining
19:38 Gold Mining
20:08 Fletching
21:19 Wheelbarrow
27:32 Gold Shaft Mining
27:55 Bodkin Arrow
29:16 Bow Saw
30:16 Padded Archer Armor
30:44 Ballistics
36:24 Hand Cart
39:50 Imperial Age
37:41 Horse Collar
40:28 Heavy Plow
39:59 Elite Camel Archer
41:00 Conscription
40:02 Elite Camel Archer
40:51 Maghrebi Camels
41:15 Conscription
41:05 Kasbah
41:13 Bracer
41:28 Leather Archer Armor
42:29 Chemistry
45:51 Scale Barding Armor
46:35 Thumb Ring
46:30 Light Cavalry
47:32 Husbandry
49:29 Hussar
50:22 Forging
50:32 Chain Barding Armor
51:52 Ring Archer Armor
51:58 Iron Casting
53:27 Plate Barding Armor
57:12 Caravan
58:55 Hoardings
59:41 Blast Furnace
61:35 Town Watch
62:00 Siege Engineers
61:51 Murder Holes
62:06 Masonry
62:07 Fortified Wall
61:43 Arrowslits
61:49 Guard Tower
61:40 Treadmill Crane
63:48 Elite Genitour
72:19 Scale Mail Armor
80:20 Capped Ram
Connection lost

Rejoining the realm…

Still unreachable

The connection could not be restored.

Session expired

The server has moved on; the page needs a fresh start.